 Dungeon Crawl Stone Soup version 0.31-a0-344-gd109795599 (webtiles) character file.

Game seed: 4088770496453907538

189 AIAndy the Changeling (level 5, -1/36 HPs)
             Began as an Octopode Shapeshifter on July 22, 2023.
             Killed by divine providence
             ... invoked by an orc priest
              (8 damage)
             ... on level 5 of the Dungeon.
             The game lasted 00:07:51 (2464 turns).

AIAndy the Changeling (Octopode Shapeshifter)       Turns: 2464, Time: 00:07:51

Health: -1/36      AC:  1    Str: 22    XL:     5   Next: 68%
Magic:  14/14      EV: 13    Int: 11    God:
Gold:   272        SH:  0    Dex: 14    Spells: 4/4 levels left

rFire   . . .        i - +1 whip "Ralei" {flame, rC+ rCorr MP+9 Dex+2}
rCold   + . .        (no shield)
rNeg    . . .        (helmet currently unavailable)
rPois   .            g - amulet of regeneration
rElec   .            S - +6 ring of strength
rCorr   +            (no ring)
SInv    .            (no ring)
Will    .....        (no ring)
Stlth   ++           (no ring)
HPRegen 1.06/turn    (no ring)
MPRegen 0.14/turn    (no ring)
                     (no ring)

%: no passive effects
@: beast-form, weak-willed
A: beast (slay +2), almost no armour, amphibious, 8 rings, camouflage 1,
gelatinous body 1, (nimble swimmer 1), tentacles
a: Begin Untransformation


You were on level 5 of the Dungeon.
You were a hulking beast.
You visited 1 branch of the dungeon, and saw 5 of its levels.

You collected 272 gold pieces.


Innate Abilities, Weirdness & Mutations

You are a hulking beast.
Your limbs bulge with bestial killing power. (Slay +2)
You cannot wear most types of armour.
You are amphibious.
You can wear up to eight rings at the same time.
Your skin changes colour to match your surroundings (Stealth+).
Your rubbery body absorbs attacks. (AC +1, EV +1)
((You are camouflaged when in or above water. (Stealth+)))
You have tentacles for arms and can constrict up to eight enemies at once.


   Skills:
 + Level 3.4 Fighting
 - Level 2.0 Dodging
 - Level 3.8 Unarmed Combat
 + Level 4.1 Shapeshifting


You had 4 spell levels left.
You didn't know any spells.
Your spell library was empty.

Inventory:

Hand Weapons
 i - the +1 whip "Ralei" (weapon) {flame, rC+ rCorr MP+9 Dex+2}
   (You found it on level 2 of the Dungeon)

   Dex:       It affects your dexterity (+2).
   rC:        It protects you from cold.
   MP:        It affects your magic capacity (+9).
   rCorr:     It protects you from acid and corrosion.
Missiles
 f - 6 boomerangs (quivered)
 n - a throwing net {=f}
Jewellery
 g - an amulet of regeneration (around mantle)
 S - a +6 ring of strength (left tentacle)
Talismans
 b - a beast talisman
Wands
 l - a wand of iceblast (8)
 p - a wand of quicksilver (4)
Scrolls
 c - 6 scrolls of identify {unknown}
 d - a scroll of enchant armour {unknown}
 e - 2 scrolls of poison {!r}
 r - a scroll of blinking {unknown}
 t - a scroll of teleportation {unknown}
Potions
 a - 2 potions of lignification {!q}
 h - a potion of attraction {unknown}
 j - 2 potions of curing {unknown}
 k - a potion of berserk rage {unknown}
 m - 2 potions of cancellation {unknown}
 o - a potion of haste {unknown}
 q - 2 potions of might {unknown}

Dungeon Overview and Level Annotations

Branches:
Dungeon (4/15)
 Temple: D:4-7

Altars:
Ashenzari

#...#
#§..# .
##§..#....
#§§.......
#§########
#§#####
#§§§§§#
#§§§§§#
#h§§§§+
#oo§§§#
#§§§§§#
#§§§§§#
#§§§§§#
§§§§§§§§
.§§##§§§{§
#§§§
§§o§§. ###
(.....


You could see an orc priest (weak-willed) and 2 orcs.


Message History

An orc comes into view. It is wielding a +0 flail.
An orc wizard comes into view. It is wielding a +0 dagger.
The orc shouts!
You hear a shout! x3
Found 4 stones.
An orc priest comes into view. It is wielding a +0 mace.
The orc wizard shouts!
You hit the orc. You burn the orc. Your grab misses the orc.
The orc is moderately wounded.
The orc priest invokes the aid of Beogh against you.
Beogh smites you! The orc closely misses you.
The orc wizard points at you and mumbles some strange words.
You resist with some effort. The orc hits you with a +0 flail.
The orc attacks as you move away! The orc hits you with a +0 hand axe!
* * * LOW HITPOINT WARNING * * *
The orc wizard casts a spell at you. The magic dart hits you!
* * * LOW HITPOINT WARNING * * *
The air fills with toxic fumes!
As you read the scroll labelled ROTHEA PITUMEUJU, it crumbles to dust.
It was a scroll of poison.
The orc closely misses you. The orc completely misses you.
As you read the scroll labelled JYAD GI NIMAFI, it crumbles to dust.
Magic quickly surges around you.
It was a scroll of vulnerability.
The orc wizard gestures wildly while chanting.
The orc wizard flickers and vanishes!
Deactivating autopickup; reactivate with Ctrl-A.
The orc barely misses you.
The orc priest calls down the wrath of Beogh upon you.
Beogh smites you!
You die...

Skill      XL: |  1  2  3  4  5 |
---------------+----------------+-----
Fighting       | 2 3 |  3.4
Shapeshifting  | 4 |  4.1
Dodging        | |  2.0
Unarmed Combat | |  3.8

Action                     |  1- 3 |  4- 6 || total
---------------------------+-------+-------++-------
  Melee: Unarmed           |    22 |       ||    22
         Constrict         |    12 |     9 ||    21
         Tentacles         |     8 |     5 ||    13
         Whip              |    27 |    50 ||    77
  Throw: Boomerang         |       |    11 ||    11
    Use: Scroll            |       |     2 ||     2
   Stab: Sleeping          |     5 |     2 ||     7
         Distracted        |       |     1 ||     1
 Armour: Skin              |     1 |       ||     1
  Dodge: Dodged            |    24 |    36 ||    60

Levels and vault maps discovered:
D:1:      pf_arrival_petrified_forest, layout_basic, dreamdust_wishing_well,
          hangedman_decor_peaks_small
D:2:      layout_rooms, minmay_pentomino_pile, uniq_jessica
D:3:      layout_basic, lemuel_crystal_altar, hellmonk_ecumenical_altar_lost_god
D:4:      layout_cave_pools, general_overflow_altar, serial_park_tiny_2
D:5:      cheibrodos_two_vegetables, layout_basic, minmay_temple_entry_poolview,
          uniq_blork_the_orc, uniq_grinder

Notes
Turn   | Place    | Note
-------+----------+-------------------------------------------
     0 | D:1      | AIAndy the Octopode Shapeshifter began the quest for the
                  | Orb.
     0 | D:1      | Reached XP level 1. HP: 13/13 MP: 1/1
   476 | D:1      | Reached XP level 2. HP: 18/18 MP: 2/2
   754 | D:2      | Identified the +1 whip "Ralei" {flame, rC+ rCorr MP+9
                  | Dex+2}
   833 | D:2      | Noticed Jessica
   916 | D:2      | Reached XP level 3. HP: 21/23 MP: 3/3
   921 | D:2      | Identified the +1 cloak of Dust Devil {rElec Str+4}
  1074 | D:2      | Reached skill level 2 in Fighting
  1091 | D:2      | Reached XP level 4. HP: 17/29 MP: 4/4
  1280 | D:2      | Identified the +5 scale mail of Jeluiblu {rElec Dex+2}
  1519 | D:2      | Killed Jessica
  1520 | D:2      | Reached skill level 3 in Fighting
  1520 | D:2      | Reached XP level 5. HP: 36/36 MP: 5/5
  1661 | D:3      | Found a faded altar of an unknown god.
  1756 | D:3      | Found a broken altar of Ashenzari.
  2012 | D:3      | Reached skill level 4 in Shapeshifting
  2373 | D:4      | Noticed an ogre
  2452 | D:4      | You fall into a shaft and drop 1 floor!
  2452 | D:5      | Entered Level 5 of the Dungeon
  2464 | D:5      | Killed from afar by an orc priest

Vanquished Creatures
  Jessica (D:2)
  An iguana (D:4)
  4 gnolls (D:2)
  3 adders (D:2)
  A worm (D:2)
  5 orcs (D:3)
  8 endoplasms
  4 giant cockroaches
  2 goblins
  2 hobgoblins (D:2)
  2 jackals (D:4)
  3 kobolds
  7 quokkas
  8 ball pythons
  2 bats (D:1)
  4 frilled lizards
  2 rats (D:2)
59 creatures vanquished.

Table legend: (Time is in decaauts)
 A = Elapsed time spent in this place.
 B = Non-inter-level travel time spent in this place.
 C = Inter-level travel time spent in this place.
 D = Time resting spent in this place.
 E = Time spent auto-exploring this place.
 F = Levels seen in this place.
 G = Mean time per level.
                   A        B        C        D        E       F      G
               +--------+--------+--------+--------+--------+-----+--------+
         Total |   2474 |   2262 |    212 |      0 |   1767 |   5 |  494.8 |
       Dungeon |   2474 |   2262 |    212 |      0 |   1767 |   5 |  494.8 |
               +--------+--------+--------+--------+--------+-----+--------+

Top non-repeatable levels by time:
     D:3: 856 daAuts
     D:2: 779 daAuts
     D:1: 761 daAuts
     D:4: 66 daAuts
     D:5: 11 daAuts

Table legend:
 A = Non-vault XP
 B = Vault XP
 C = Vault XP percentage of total XP
 D = Non-vault monster count
 E = Vault monster count
 F = Vault count percentage of total count
                 A         B        C        D         E       F
            +---------+---------+-------+---------+---------+-------
      Total |     206 |      64 |  23.7 |      56 |       3 |   5.1
            +---------+---------+-------+---------+---------+-------
        D:1 |      20 |       0 |   0.0 |      13 |       0 |   0.0
        D:2 |     110 |      64 |  36.8 |      24 |       3 |  11.1
        D:3 |      34 |       0 |   0.0 |      15 |       0 |   0.0
        D:4 |      42 |       0 |   0.0 |       4 |       0 |   0.0
            +---------+---------+-------+---------+---------+-------
